 Dungeon Sprint DCSS version 0.21.1-1-g345015fe64 (webtiles) character file.

2319 Jannitor the Fighter (level 9, -12/79 (81) HPs)
             Began as a Formicid Monk on Mar 30, 2018.
             Was the Champion of Makhleb.
             Killed from afar by a fire giant (47 damage)
             ... with a bolt of fire
             ... in the Dungeon (Sprint V: "Ziggurat Sprint") on May 23, 2018.
             The game lasted 00:05:43 (435 turns).

Jannitor the Fighter (Formicid Monk)                 Turns: 435, Time: 00:05:47

HP:   -12/79 (81)   AC: 31    Str: 25    XL:     9   Next: 69%
MP:   13/14         EV:  4    Int: 10    God:    Makhleb [******]
Gold: 0             SH: 30    Dex: 13    Spells: 8/8 levels left

rFire    . . .     SeeInvis +   H - +14 obsidian axe {chop, +Fly SInv *Curse} (curse)
rCold    + + .     Gourm    .   J - +18 shield of the Gong {rElec rN+ MR+ EV-5}
rNeg     + + .     Faith    .   I - +15 Maxwell's patent armour {-Cast -Tele rElec MR+ rCorr}
rPois    +         Spirit   .   (helmet unavailable)
rElec    +         Reflect  .   (no cloak)
rCorr    +         Harm     .   L - +0 pair of gloves {archery}
MR       ++...     NoCast   +   (no boots)
Stlth    ..........             (no amulet)
HPRegen  0.23/turn              F - +6 ring of strength
MPRegen  0.14/turn              O - ring "Izeaf" {rElec rPois rC++ rN+ Stlth-}

@: mesmerised
A: permanent stasis, dig shafts and tunnels, four strong arms, antennae 3
a: Dig, Minor Destruction, Lesser Servant of Makhleb, Major Destruction, Greater
Servant of Makhleb, Renounce Religion, Evoke Flight


You were in the Dungeon.
You worshipped Makhleb.
Makhleb was exalted by your worship.
You were not hungry.

You visited 1 branch

Inventory:

Hand Weapons
 a - a +0 hand axe
 l - a +5 executioner's axe
 H - the cursed +14 obsidian axe (weapon) {chop, +Fly SInv *Curse}
   (You found it in the Dungeon)

   It inflicts extra damage upon your enemies.
   It lets you see invisible.
   It lets you fly.
   It curses itself when equipped.
   It has a curse placed upon it.
Armour
 b - a +0 robe
 j - +5 gold dragon scales
 k - a +3 large shield
 I - the +15 Maxwell's patent armour (worn) {-Cast -Tele rElec MR+ rCorr}
   (You found it in the Dungeon)

   It insulates you from electricity.
   It affects your resistance to hostile enchantments.
   It prevents spellcasting.
   It prevents most forms of teleportation.
   It protects you from acid and corrosion.
 J - the +18 shield of the Gong (worn) {rElec rN+ MR+ EV-5}
   (You found it in the Dungeon)

   It affects your evasion (-5).
   It insulates you from electricity.
   It protects you from negative energy.
   It affects your resistance to hostile enchantments.
 L - a +0 pair of gloves of archery (worn)
Jewellery
 B - a +6 ring of dexterity
 C - a +6 ring of dexterity
 D - a +6 ring of intelligence
 E - a +6 ring of intelligence
 F - a +6 ring of strength (left hand)
 G - a +6 ring of strength
 N - a +5 ring of intelligence
 O - the ring "Izeaf" (right hand) {rElec rPois rC++ rN+ Stlth-}
   (You found it in the Dungeon)

   [ring of positive energy]

   It greatly protects you from cold.
   It insulates you from electricity.
   It protects you from poison.
   It protects you from negative energy.
   It makes you less stealthy.
Wands
 y - a wand of disintegration (7)
 z - a wand of iceblast (7)
 A - a wand of acid (7)
Scrolls
 i - 4 scrolls of blinking
 m - 4 scrolls of amnesia
 n - 7 scrolls of fog
 o - a scroll of holy word
 p - 5 scrolls of identify
 q - 5 scrolls of remove curse
 r - 2 scrolls of fear
 M - a scroll of brand weapon
Potions
 d - 9 potions of curing
 e - 10 potions of heal wounds
 f - 6 potions of haste
 g - 7 potions of magic
 h - 3 potions of berserk rage
 s - 2 potions of brilliance
 t - 2 potions of invisibility
 u - 4 potions of resistance
 w - 5 potions of agility
 x - 5 potions of might
Miscellaneous
 v - a lamp of fire
 K - a phial of floods
Comestibles
 c - 7 rations


   Skills:
 + Level 11.3 Fighting
 + Level 10.4 Axes
 + Level 10.8 Armour
 - Level 2.6 Dodging
 - Level 8.2 Stealth
 + Level 9.5 Shields
 + Level 7.7 Evocations


You had 8 spell levels left.
You didn't know any spells.

Dungeon Overview and Level Annotations

Branches:
Dungeon (1/1)

Altars:
Ashenzari
Cheibriados
Dithmenos
Elyvilon
Fedhas
Gozag
Hepliaklqana
Kikubaaqudgha
Makhleb
Nemelex Xobeh
Okawaru
Qazlal
Ru
Sif Muna
Trog
Uskayaw
Vehumet
Wu Jian
Xom
Yredelemnul
Zin
The Shining One
Beogh
Jiyva
Lugonu


Innate Abilities, Weirdness & Mutations

You cannot be hasted, slowed, berserked, paralysed or teleported.
You can dig through walls and to a lower floor.
Your four strong arms can wield two-handed weapons with a shield.
You have a pair of large antennae on your head. (SInv)


Message History

* * * LOW HITPOINT WARNING * * *
You slice the centaur warrior!!
You are no longer entranced.
You kill the centaur warrior!
Makhleb accepts your kill.
You feel better.
Your Fighting skill increases to level 11!
Your Axes skill increases to level 10!
Your Shields skill increases to level 9!
Your Evocations skill increases to level 7!
Visions of slaying the fire giant flood into your mind.
Your sun demon hits the fire giant but does no damage.
The vault sentinel blows a loud note on a signal horn!
The ettin closely misses your sun demon.
The ettin hits your sun demon with a dire flail!!!
Your sun demon dies!
The fire giant gestures at you while chanting.
The bolt of fire hits you!
Ouch! That really hurt!
You die...

▓..8©8..▓
▓..=}=|...▓..:....▓
▓...}"[...▓..[)...▓
▓.........▓.......▓
▓....p....▓.......▓
▓....pp...▓....)..▓
▓....CC...▓.......▓
▓.▓.)†..▓.▓.▓...▓.▓
▓....@....▓...©...▓
▓▓▓▓▓▓▓▓▓▓▓▓▓▓▓▓▓▓▓
▓..8©8..▓


{{{{{ ▓..}.|..▓ {{{ ▓..[))..▓ ▓.......▓ ▓.......▓ ▓...)††.▓ ▓...†...▓ You could
see a fire giant, a vault guard, an ettin and 2 vault sentinels.

Vanquished Creatures
  A centaur warrior (D)
  A black mamba (D)
  2 nagas (D)
  2 water moccasins (D)
  A floating eye (D)
  2 wights (D)
  A crimson imp (D)
  2 jellies (D)
  5 adders (D)
  2 shadow imps (D)
  2 ufetubi (D)
  4 oozes (D)
  4 ball pythons (D)
29 creatures vanquished.

Vanquished Creatures (collateral kills)
  A death drake (shapeshifter) (D)
  A black mamba (D)
  An adder (D)
3 creatures vanquished.

Grand Total: 32 creatures vanquished

Notes
Turn   | Place    | Note
-------+----------+-------------------------------------------
     0 | D        | Found the +6 Majin-Bo {vamp, Archmagi MP+6 Int+6}
     0 | D        | Found the +7 great mace "Firestarter" {inner flame, rF++}
     0 | D        | Jannitor the Formicid Monk began the quest for the Orb.
     0 | D        | Reached XP level 1. HP: 18/18 MP: 1/1
    13 | D        | Found a blossoming altar of Fedhas.
    15 | D        | Found a viscous altar of Jiyva.
    15 | D        | Found a hazy altar of Hepliaklqana.
    15 | D        | Found a transporter.
    15 | D        | Found an opulent altar of Gozag.
    15 | D        | Found an ancient bone altar of Kikubaaqudgha.
    15 | D        | Found a corrupted altar of Lugonu.
    22 | D        | Found a burning altar of Makhleb.
    24 | D        | Found a stormy altar of Qazlal.
    24 | D        | Found a sacrificial altar of Ru.
    24 | D        | Found an iron altar of Okawaru.
    24 | D        | Found a deep blue altar of Sif Muna.
    24 | D        | Found a sparkling altar of Nemelex Xobeh.
    24 | D        | Found a bloodstained altar of Trog.
    47 | D        | Found the +9 heavy crossbow "Sniper" {velocity, Acc+∞ SInv}
    47 | D        | Found the +10 dark maul {crush}
    47 | D        | Found the +15 Maxwell's patent armour {-Cast -Tele rElec MR+ rCorr}
    47 | D        | Found the +18 shield of the Gong {rElec rN+ MR+ EV-5}
    47 | D        | Found the cursed +14 obsidian axe {chop, +Fly SInv *Curse}
    70 | D        | Found the +6 shillelagh "Devastator" {shatter}
    70 | D        | Found the +11 plutonium sword {*Contam Stlth-}
    70 | D        | Found the +8 lance "Wyrmbane" {slay drac, rPois rF+ rC+ AC+3}
    70 | D        | Found the +9 sword of Zonguldrok {reap}
    70 | D        | Found the cursed +13 scythe of Curses {drain, *Curse}
    70 | D        | Found the +0 sword of Power
    70 | D        | Found the +1 mace of Variability {chaos}
    70 | D        | Found the +7 Singing Sword
    70 | D        | Found the +7 longbow "Piercer" {penet, EV-2}
    93 | D        | Became a worshipper of Makhleb the Destroyer
    93 | D        | Reached * piety under Makhleb
    93 | D        | Reached ** piety under Makhleb
   100 | D        | Reached skill level 5 in Fighting
   100 | D        | Reached XP level 2. HP: 27/27 MP: 2/2
   121 | D        | Entered arena 2.
   121 | D        | Noticed a wight
   121 | D        | Noticed a wight
   121 | D        | Found a transporter.
   124 | D        | Killed a wight
   124 | D        | Reached skill level 5 in Axes
   124 | D        | Reached XP level 3. HP: 34/34 MP: 3/3
   127 | D        | Killed a wight
   127 | D        | Reached skill level 6 in Fighting
   127 | D        | Reached skill level 5 in Armour
   127 | D        | Reached XP level 4. HP: 41/41 MP: 4/4
   142 | D        | Entered arena 3.
   142 | D        | Found a transporter.
   144 | D        | Reached skill level 5 in Stealth
   145 | D        | Reached *** piety under Makhleb
   145 | D        | Reached XP level 5. HP: 47/47 MP: 5/5
   156 | D        | Entered arena 4.
   156 | D        | Noticed a floating eye
   156 | D        | Found a transporter.
   159 | D        | Killed a floating eye
   159 | D        | Reached skill level 7 in Fighting
   159 | D        | Reached XP level 6. HP: 56/56 MP: 6/6
   159 | D        | Reached **** piety under Makhleb
   166 | D        | Entered arena 5.
   166 | D        | Found a transporter.
   171 | D        | Reached skill level 8 in Fighting
   171 | D        | Reached ***** piety under Makhleb
   179 | D        | Entered arena 6.
   179 | D        | Found a transporter.
   201 | D        | Entered arena 7.
   201 | D        | Noticed a naga
   201 | D        | Noticed a black mamba
   201 | D        | Noticed a black mamba
   202 | D        | Found a transporter.
   208 | D        | Reached XP level 7. HP: 32/63 MP: 7/7
   209 | D        | Killed a black mamba
   209 | D        | Reached skill level 9 in Fighting
   210 | D        | Killed a naga
   210 | D        | Reached XP level 8. HP: 42/71 MP: 7/11
   212 | D        | Killed a black mamba
   212 | D        | Reached ****** piety under Makhleb
   212 | D        | Reached skill level 10 in Fighting
   212 | D        | Reached skill level 5 in Evocations
   408 | D        | Entered arena 8.
   409 | D        | Found the +7 lajatang of Order {silver, rMut}
   409 | D        | Found a transporter.
   421 | D        | Got the ring "Izeaf" {rElec rPois rC++ rN+ Stlth-}
   430 | D        | Entered arena 9.
   430 | D        | Noticed an ettin
   430 | D        | Noticed a vault sentinel
   430 | D        | Noticed a vault guard
   430 | D        | Noticed a fire giant
   430 | D        | Noticed a centaur warrior
   430 | D        | Noticed a vault sentinel
   430 | D        | Noticed a death drake
   433 | D        | Killed a death drake
   433 | D        | Reached skill level 10 in Armour
   433 | D        | Reached XP level 9. HP: 64/77 MP: 13/13
   435 | D        | Killed a centaur warrior
   435 | D        | Reached skill level 11 in Fighting
   435 | D        | Reached skill level 10 in Axes
   435 | D        | Killed from afar by a fire giant

Skill      XL: |  1  2  3  4  5  6  7  8  9 |
---------------+----------------------------+-----
Fighting       | 5 6 7 8 9 10 11 | 11.3
Axes           | 4 5 6 7 8 9 10 | 10.4
Armour         | 3 4 5 6 7 9 10 | 10.8
Shields        | 4 6 8 9 |  9.5
Stealth        | 3 4 5 7 8 |  8.2
Evocations     | 4 6 7 |  7.7
Dodging        | |  2.6

Action                   |  1- 3 |  4- 6 |  7- 9 || total
-------------------------+-------+-------+-------++-------
Melee: Broad axe         |     5 |    19 |    14 ||    38
  Use: Potion            |     1 |     1 |       ||     2
Armor: Plate armour      |       |    17 |     8 ||    25
Dodge: Dodged            |       |     1 |     1 ||     2
Block: Shield            |     6 |    34 |    20 ||    60
